AoeStats
← 859

African Clearing

510517536Analyzed
4v4 RM · 24h ago on Oct 1, 2026· 40m 11s· 8 players
Game mode
Random Map
Map size
Large (8 player)
Population
200
Speed
Normal
Resources
Standard
Victory
Conquest
Starting age
Dark Age
Ending age
Imperial Age
RankedLock teamsTeams togetherTeam positionsShared explorationLock speedFull tech treeHidden civsTurbo modeCheats
Victory
Defeat
🇮🇳 Huns · India
1333
+15
🇹🇭 Franks · Thailand
1261
+18
🇮🇳 Spanish · India
1245
+18
🇦🇺 Hindustanis · Australia
1240
+19
🇨🇳 Mongols · China
1495
-26
🇨🇳 Franks · China
1288
-17
🇨🇳 Magyars · China
1252
-15
🇩🇪 Burgundians · Germany
1172
-12
moneyfusion06
5:03 Loom
14:06 Feudal Age
17:50 Castle Age
16:02 Double-Bit Axe
16:19 Padded Archer Armor
17:25 Fletching
22:24 Horse Collar
23:33 Leather Archer Armor
23:46 Town Watch
26:58 Bloodlines
28:27 Husbandry
30:25 Wheelbarrow
31:14 Bow Saw
33:37 Heavy Plow
37:04 Hand Cart
37:24 Scale Barding Armor
37:29 Forging
41:20 Imperial Age
38:59 Gold Mining
39:00 Stone Mining
40:55 Iron Casting
40:40 Chain Barding Armor
WiSeMaN
5:50 Loom
12:30 Feudal Age
13:13 Double-Bit Axe
16:17 Scale Barding Armor
17:15 Forging
21:21 Scale Mail Armor
24:31 Castle Age
22:42 Stone Mining
23:43 Gold Mining
25:46 Husbandry
26:07 Chain Barding Armor
27:33 Bow Saw
29:32 Iron Casting
33:03 Town Watch
34:41 Wheelbarrow
36:44 Fervor
37:04 Hand Cart
40:23 Imperial Age
softkittens
10:27 Loom
13:29 Feudal Age
17:55 Castle Age
16:26 Double-Bit Axe
16:32 Horse Collar
21:25 Bow Saw
23:22 Heavy Plow
24:27 Gold Mining
27:24 Wheelbarrow
28:16 Stone Mining
31:21 Hand Cart
33:39 Imperial Age
31:12 Fletching
31:31 Scale Barding Armor
31:37 Forging
32:30 Bloodlines
32:21 Husbandry
33:40 Chain Barding Armor
34:02 Heavy Camel Rider
36:43 Iron Casting
37:51 Chemistry
38:30 Plate Barding Armor
40:32 Blast Furnace
ayushdy2004
4:06 Loom
12:46 Feudal Age
13:33 Double-Bit Axe
17:38 Bloodlines
17:35 Scale Barding Armor
23:44 Castle Age
23:13 Forging
23:58 Light Cavalry
24:59 Bow Saw
26:35 Stone Mining
28:27 Fletching
31:15 Horse Collar
31:54 Marauders
32:46 Bodkin Arrow
35:15 Ballistics
35:59 Padded Archer Armor
37:06 Wheelbarrow
37:29 Leather Archer Armor
37:10 Town Watch
38:40 Chain Barding Armor
38:36 Hand Cart
39:05 Town Patrol
39:37 Thumb Ring
39:45 Husbandry
40:23 Iron Casting
859
2:55 Loom
14:16 Feudal Age
18:09 Castle Age
16:24 Double-Bit Axe
21:47 Husbandry
26:28 Scale Barding Armor
30:22 Fletching
32:45 Gambesons
33:00 Squires
860
7:09 Loom
14:10 Feudal Age
17:53 Castle Age
15:49 Double-Bit Axe
17:29 Horse Collar
22:00 Heavy Plow
24:12 Wheelbarrow
25:57 Gold Mining
26:00 Fletching
27:15 Thumb Ring
27:50 Bow Saw
27:32 Town Watch
28:38 Bodkin Arrow
29:50 Gold Shaft Mining
30:43 Ballistics
30:18 Murder Holes
32:07 Padded Archer Armor
35:17 Imperial Age
33:04 Hand Cart
34:11 Husbandry
34:21 Bloodlines
36:34 Parthian Tactics
35:30 Heavy Cavalry Archer
36:39 Bracer
37:56 Chemistry
37:22 Leather Archer Armor
38:19 Conscription
37:59 Stone Mining
39:18 Crop Rotation
No
8:19 Loom
13:06 Feudal Age
17:05 Castle Age
15:13 Double-Bit Axe
16:11 Fletching
16:21 Padded Archer Armor
35:34 Bow Saw
Schikaria089
8:41 Wheelbarrow
10:01 Double-Bit Axe
16:18 Feudal Age
15:59 Horse Collar
22:16 Castle Age
21:15 Heavy Plow
22:18 Bow Saw
22:36 Cavalier
23:16 Husbandry
32:15 Hand Cart
32:50 Crop Rotation
37:08 Imperial Age
36:20 Burgundian Vineyards
37:47 Two-Man Saw
37:26 Scale Barding Armor
37:32 Forging
Connection lost

Rejoining the realm…

Still unreachable

The connection could not be restored.

Session expired

The server has moved on; the page needs a fresh start.